[Event "*** Titled Tuesday Blitz"]
[Site "Chess.com"]
[Date "2019.05.07"]
[Round "1"]
[White "STAYFlow"]
[Black "1random"]
[Result "1/2-1/2"]
[WhiteElo "2365"]
[BlackElo "2690"]
[TimeControl "180+2"]
[EndTime "13:13:05 PDT"]
[Termination "Game drawn by 50-move rule"]

1. d4 Nf6 2. c4 d5 3. cxd5 c5 4. dxc5 e6 5. dxe6 Qxd1+ 6. Kxd1 Bxe6 7. e3 Bxc5 8. Bb5+ Nc6 9. Nf3 O-O-O+ 10. Ke2 a6 11. Bxc6 Bc4+ 12. Ke1 bxc6 13. b3 Bb5 14. Nbd2 Bb4 15. a3 Bc3 16. Ra2 Bd3 17. Bb2 Bb1 18. Bxc3 Bxa2 19. Ke2 Nd5 20. Ba5 Rde8 21. Ra1 Bxb3 22.
Nxb3 Kb7 23. Rb1 Ka7 24. Nbd4 Ne7 25. Bb6+ Ka8 26. a4 Rb8 27. a5 Rhc8 28. Rc1 Nd5 29.
Rxc6 Nxb6 30. Rxb6 Rxb6 31. axb6 Kb7 32. Ne5 a5 33. Kd3 Kxb6 34. Nc4+ Ka6 35. Kc3 f6 36. Nf5 Rc7 37. Nd6 Rc6 38. Kb3 Rc7 39. Ka4 Rc5 40. e4 Rc6 41. f4 g5 42. e5 fxe5 43. fxe5 Rc7 44. Nxa5 Rc2 45. Nb3 Rxg2 46. e6 Re2 47. Ne4 Kb6 48. Nbc5 Rxh2 49. e7 Ra2+ 50. Kb4 Ra8 51.
Nxg5 Re8 52. Nxh7 Rxe7 53. Nf6 Rf7 54. Nd5+ Kc6 55. Nc3 Rf4+ 56. N3e4 Kd5 57. Kb5 Rf1 58. Kb6 Rb1+ 59. Kc7 Rb2 60. Kd7 Rh2 61. Kc7 Rh1 62. Kd7 Rh7+ 63. Ke8 Kc6 64. Kf8 Ra7 65. Ke8 Kd5 66.
Kf8 Ke5 67. Ke8 Kf5 68. Kd8 Kg6 69. Kc8 Kf7 70. Kb8 Re7 71. Nd6+ Kf8 72. Ndb7 Ke8 73.
Ka7 Re1 74. Kb6 Kf7 75. Kc6 Ke7 76. Kd5 Rd1+ 77. Kc4 Kf6 78. Kb5 Ke5 79. Kc4 Rc1+ 80. Kb5 Kd5 81. Kb6 Rb1+ 82. Kc7 Rb5 83. Kd7 Rb6 84. Kc7 Rh6 85. Kd7 Rh7+ 86. Ke8 Kc6 87. Kf8 Rc7 88. Ke8 Kd5 89. Kd8 Rf7 90. Ke8 Rf5 91.
Kd7 Re5 92. Kc7 Rf5 93. Kd7 Rf7+ 94. Ke8 Rf6 95. Ke7 Rg6 96. Kd7 Rg7+ 97. Ke8 Kc6 98. Kf8 Rc7 99. Ke8 Kb6 100. Kd8 Rh7 101. Ke8 Ka7 102. Kf8 Ka8 103. Kg8 Rc7 104. Kf8 Ka7 105. Ke8 1/2-1/2

[Event "*** Titled Tuesday Blitz"]
[Site "Chess.com"]
[Date "2019.05.07"]
[Round "1"]
[White "EfrenRamos1"]
[Black "capatl"]
[Result "1-0"]
[WhiteElo "2308"]
[BlackElo "2596"]
[TimeControl "180+2"]
[EndTime "13:13:37 PDT"]
[Termination "EfrenRamos1 won by resignation"]

1. Nf3 c5 2. c4 Nf6 3. b3 b6 4. Bb2 Bb7 5. g3 e6 6. Bg2 Be7 7. O-O O-O 8. d4 cxd4 9. Qxd4 d6 10. Nc3 a6 11. Rfd1 Nbd7 12. Rac1 Qc7 13. h3 Rfd8 14.
Qf4 Rac8 15. g4 Qb8 16. Ng5 Bxg2 17. Kxg2 b5 18. cxb5 axb5 19. Nce4 d5 20. Qxb8 Rxb8 21. Nxf6+ Bxf6 22. Bxf6 gxf6 23. Nf3 Rdc8 24. Nd4 Rxc1 25.
Rxc1 Ra8 26. Rc7 Ne5 27. Rc2 b4 28. f4 Ng6 29. Kg3 Ne7 30. Nf3 Kf8 31. Ne1 Ke8 32. Nd3 Rb8 33. Rc7 d4 34. Rc4 Nd5 35. Rxd4 Ra8 36. e4 Nc3 37. Rxb4 Rxa2 38. e5 f5 39. gxf5 exf5 40. Rb8+ Ke7 41. Nc5 Ne2+ 42. Kf3 Nd4+ 43. Ke3 Nc2+ 44. Kd3 Ne1+ 45. Kc4 Rc2+ 46. Kd5 Rd2+ 47.
Kc6 Rc2 48. b4 Nd3 49. Rb7+ Kf8 50. Kd6 Nxf4 51. Nd7+ Kg7 52. Rb8 Rd2+ 53. Kc6 Nd5 54. b5 Ne7+ 55. Kc7 f4 56. Nf6 f3 57. Ra8 f2 58.
Ra1 Re2 59. Rf1 Rxe5 60. Ng4 Rxb5 61. Rxf2 Rh5 62. Rf3 Ng6 63. Nf6 Re5 64. Kd7 Re1 65. Ne8+ Kg8 66. Nf6+ Kh8 67. Rc3 Kg7 68. Ne8+ Kh6 69. Nd6 f6 70. Rc5 Ne5+ 71. Kc7 Kg6 72. Rc2 Rd1 73. Rg2+ Kh5 74. Ne4 f5 75. Nf6+ Kh4 76.
Nxh7 Kxh3 77. Rg5 Rf1 78. Nf6 Ng4 79. Nd5 f4 80. Rh5+ Kg3 81. Nxf4 Rxf4 82. Kd6 Rf6+ 83. Ke7 Ra6 84. Rf5 Nh6 85. Rb5 Kf4 86. Rc5 Nf5+ 87. Kd7 Kg5 88. Kc7 Re6 89. Kd7 Rh6 90. Kc7 Ra6 91.
Kd7 Ra2 92. Ke6 Re2+ 93. Re5 Rf2 94. Ra5 Kg6 95. Ke5 Ng7 96. Ra6+ Kg5 97. Ra7 Re2+ 98. Kd4 Nf5+ 99. Kd3 Re3+ 100. Kd2 Kf4 101. Ra4+ Kf3 102. Ra5 Ng3 103. Rd5 Ne4+ 104. Kc2 Ke2 105. Rd4 Nc5 106. Rd2+ Kf3 107. Rd5 Ne6 108. Rf5+ Ke2 109. Rd5 Re5 110. Rxe5+ 1-0

[Event "*** Titled Tuesday Blitz"]
[Site "Chess.com"]
[Date "2019.05.07"]
[Round "1"]
[White "Taron_Shagbazyan"]
[Black "Rap_woyska"]
[Result "0-1"]
[WhiteElo "2729"]
[BlackElo "2415"]
[TimeControl "180+2"]
[EndTime "13:13:49 PDT"]
[Termination "Rap_woyska won by checkmate"]

1. d4 Nf6 2. c4 c5 3. d5 b5 4. cxb5 a6 5. b6 e6 6. Nc3 Nxd5 7. Nxd5 exd5 8. Qxd5 Nc6 9. e4 Be7 10. Bc4 O-O 11.
Nf3 Rb8 12. O-O Rxb6 13. Rd1 d6 14. Qh5 Be6 15. Bxe6 fxe6 16. b3 Bf6 17. Rb1 Nd4 18. Nxd4 Bxd4 19. Be3 Qf6 20. Bxd4 cxd4 21. Qe2 Rc6 22. b4 Rfc8 23. a4 Rc2 24. Qf1 e5 25. b5 axb5 26. axb5 Rf8 27. f3 Rb8 28. b6 d5 29. Qd3 Rc3 30. Qb5 dxe4 31. Qd5+ Kh8 32. Qxe4 h6 33. b7 Rc7 34. Rb5 Re7 35. Rc1 Qa6 36. Rb2 Rexb7 37. Rxb7 Qxb7 38. Qxe5 Qb6 39. Rd1 Rd8 40. h4 d3+ 41. Kh2 d2 42. Qf4 Qd6 43. Qxd6 Rxd6 44. Kg3 Kh7 45. Kf2 Kg6 46. Ke3 Kh5 47.
g3 Rg6 48. Kf4 Rd6 49. g4+ Kg6 50. h5+ Kf6 51. Ke3 Kg5 52. Rxd2 Re6+ 53. Kf2 Kf6 54. Rd5 Ra6 55. Kg3 Rb6 56. Rd4 Ra6 57. Kf4 Rb6 58.
Ke4 Ra6 59. Rc4 Re6+ 60. Kd5 Ra6 61. f4 Ra5+ 62. Rc5 Ra4 63. Rc6+ Kf7 64. Ke5 Ra5+ 65. Kd4 Ra4+ 66. Rc4 Ra5 67. Ke4 Kf6 68. Rc6+ Kf7 69. Rd6 Rb5 70. Rd5 Rb4+ 71. Kf5 Rb7 72. Ke5 Re7+ 73.
Kd6 Ra7 74. Rf5+ Kg8 75. Rc5 Ra6+ 76. Ke5 Ra7 77. Ke6 Ra6+ 78. Kf5 Ra7 79. Rc6 Kf7 80.
Rc5 Rb7 81. g5 hxg5 82. fxg5 Rb8 83. Rd5 Kg8 84. Rd6 Ra8 85. Kg6 Rb8 86. Re6 Ra8 87.
Re7 Ra6+ 88. Kf5 Ra5+ 89. Re5 Ra8 90. Rd5 Rb8 91. Ke6 Ra8 92. Ke7 Kh7 93. Rd8 Ra7+ 94. Ke6 Ra5 95. g6+ Kh6 96. Rh8+ Kg5 97.
Kf7 Ra7+ 98. Kg8 Kf6 99. Kh7 Kg5 100. Rg8 Kxh5 101. Rxg7 Ra6 102. Rg8 Rb6 103. g7 Rh6# 0-1

[Event "*** Titled Tuesday Blitz"]
[Site "Chess.com"]
[Date "2019.05.07"]
[Round "1"]
[White "krzyzan94"]
[Black "OneTrickPony_82"]
[Result "1-0"]
[WhiteElo "2650"]
[BlackElo "2329"]
[TimeControl "180+2"]
[EndTime "13:14:24 PDT"]
[Termination "krzyzan94 won by resignation"]

1. d4 Nf6 2. Nc3 d5 3. Bf4 c5 4.
e3 cxd4 5. e4 dxc3 6. e5 cxb2 7.
Rb1 Ne4 8. Ne2 Qa5+ 9. c3 e6 10.
Qc2 Ba3 11. f3 Nc5 12. Nd4 Nc6 13. Nb5 O-O 14. Be2 a6 15. Nxa3 Qxa3 16. Rxb2 Qa4 17.
Qc1 b5 18. O-O Bd7 19. h4 Rac8 20. h5 d4 21. cxd4 Nxd4 22. Qe3 Nf5 23. Qd2 Qd4+ 24. Kh2 Rfd8 25. g4 Qxd2 26. Rxd2 Ne7 27. Bg5 Kf8 28.
Rfd1 Ke8 29. h6 gxh6 30. Bf6 Bc6 31. Kg3 Rxd2 32. Rxd2 Nd5 33. Bh4 Bb7 34. Bd1 Na4 35. Bb3 Nac3 36. Rh2 a5 37. g5 hxg5 38. Bxg5 a4 39.
Bc2 b4 40. Bxh7 Kd7 41. Bd3 b3 42. axb3 axb3 43. Rb2 Bc6 44. Rxb3 Rc7 45. Rb8 Rb7 46. Rd8+ Kc7 47. Rd6 Nb5 48. Bxb5 Rxb5 49. Bd8+ Kb7 50. Bg5 Rb3 51. Rd8 Nc7 52. Be7 Rxf3+ 53. Kg4 Rf5 54.
Bd6 f6 55. Rh8 Rg5+ 56. Kh4 Rg7 57. exf6 Rf7 58. Kg5 Nd5 59. Be5 Bb5 60. Rb8+ Kc6 61. Kg6 Ra7 62. f7 Rxf7 63. Kxf7 Bc4 64. Kg6 Ne3 65.
Kf7 Nf5 66. Kf6 Kd5 67. Rd8+ Ke4 68. Bc3 Bd5 69. Rb8 Ne3 70. Rb4+ Nc4 71. Ba1 Kd3 72. Rb3+ Ke4 73. Rh3 Kf4 74. Rh4+ Ke3 75. Bd4+ Kd3 76.
Bc5 Kc3 77. Ke7 Kd3 78. Kf6 Kc3 79. Rh3+ Kd2 80. Bd4 Ke2 81. Kg5 Kd2 82. Kf4 Ke2 83. Bc3 Kd1 84. Rh2 Kc1 85. Bf6 Kd1 86. Kg5 Kc1 87. Kg6 Kd1 88. Kf7 e5+ 89. Kg6 e4 90.
Rh5 Be6 91. Bd4 e3 92. Bxe3 Nxe3 93. Re5 Bf5+ 94. Kg5 Kd2 95. Kf4 Bd3 96. Rxe3 Kc3 97.
Ke5 Kc4 98. Rg3 Kc3 99. Kd5 Kd2 100. Kd4 Bc2 101. Rg2+ Kd1 102. Ke3 Kc1 103. Rf2 Kb2 104. Kd4 Kb3 105. Rf1 Bg6 106. Rf3+ Kb4 107. Rf6 Bh5 108. Rb6+ Ka3 109. Kc3 Ka4 110. Rh6 Bf3 111. Rh3 Bg2 112. Rg3 Bc6 113. Kc4 Ka5 114. Kc5 Bb5 115. Ra3+ Ba4 116. Ra1 1-0

[Event "*** Titled Tuesday Blitz"]
[Site "Chess.com"]
[Date "2019.05.07"]
[Round "1"]
[White "MasterKroket"]
[Black "Ambitiousresolutions"]
[Result "1/2-1/2"]
[WhiteElo "2366"]
[BlackElo "2694"]
[TimeControl "180+2"]
[EndTime "13:15:27 PDT"]
[Termination "Game drawn by 50-move rule"]

1. d4 Nf6 2. c4 g6 3. Nc3 d5 4. cxd5 Nxd5 5. e4 Nxc3 6. bxc3 Bg7 7. Be3 c5 8. Qd2 Qa5 9. Nf3 Nc6 10. Rc1 cxd4 11.
cxd4 Qxd2+ 12. Kxd2 e6 13. d5 exd5 14. exd5 Nb4 15. Bb5+ Bd7 16. Rhe1 Bxb5 17. Bg5+ Kd7 18. Re7+ Kd6 19. Rxb7 Nxd5 20. Rxb5 Rab8 21. Rcb1 Rxb5 22. Rxb5 Kc6 23. Rb3 h6 24. Bh4 f5 25. h3 f4 26.
Ra3 g5 27. Rxa7 Bc3+ 28. Kd3 gxh4 29. Nxh4 Rd8 30. Kc4 Be1 31. Ra6+ Nb6+ 32. Kb3 Kb5 33. Ra7 Bxf2 34. Nf5 Rd5 35. Nxh6 Rd3+ 36. Kc2 Rg3 37. Rf7 Rxg2 38. Kd3 Be3 39. Ng4 Rd2+ 40. Ke4 Rd4+ 41.
Kf3 Bc1 42. Rf5+ Kb4 43. h4 Nc4 44. h5 Rd3+ 45. Ke2 Rd2+ 46. Kf3 Rd3+ 47. Ke2 Rg3 48.
Nf6 Re3+ 49. Kf2 Rh3 50. Nd5+ Ka3 51. Nxf4 Rh4 52. Nd3 Be3+ 53. Kg3 Rh1 54. Kg4 Rg1+ 55. Kh3 Rh1+ 56. Kg4 Ka4 57. Ne5 Nxe5+ 58. Rxe5 Bc1 59. Re2 Ka3 60. Rc2 Bb2 61. Rc6 Kxa2 62. Ra6+ Kb1 63.
Rb6 Kc2 64. Rc6+ Kd3 65. Rd6+ Ke4 66. Re6+ Be5 67. h6 Rg1+ 68. Kh5 Kf5 69. Rxe5+ Kxe5 70. h7 Ke6 71. Kh6 Kf7 72. h8=N+ Kf6 73. Kh7 Rg7+ 74. Kh6 Rg8 75. Kh7 Ra8 76. Ng6 Ra7+ 77. Kh6 Ra1 78. Kh5 Rg1 79. Nh4 Rg5+ 80. Kh6 Rg3 81. Kh5 Rg8 82. Nf3 Kf5 83. Nh4+ Kf6 84. Nf3 Rg2 85. Kh4 Kf5 86. Kh3 Rg8 87. Nh4+ Kf4 88.
Ng2+ Kf3 89. Nh4+ Ke4 90. Ng2 Kf3 91. Nh4+ Kf2 92. Nf5 Rg5 93. Nh4 Rg3+ 94. Kh2 Ra3 95. Ng2 Ra2 96. Nh4 Ra3 97. Ng2 Ra4 98. Kh3 Ra8 99.
Nh4 Rg8 100. Kh2 Rg3 101. Nf5 Rg4 102. Kh3 Rf4 103. Nh4 Rf6 104. Kh2 Ke3 105. Kg3 Rf8 106. Kg4 Rg8+ 107. Kf5 Rf8+ 108. Kg5 Rh8 109. Ng6 Rg8 110. Kf5 Kf3 111. Ne7 Rf8+ 112. Ke6 Ke4 113. Ng6 Ra8 114. Ne7 Ra6+ 115. Kd7 Ke5 116. Nc6+ Kd5 117. Ne7+ Kc5 118. Ke8 Kd6 119. Nf5+ Ke5 120. Ne7 Ke6 121. Nc8 Ra1 122. Kd8 Rc1 123. Ne7 Rc2 124. Nc8 Rc6 125. Ne7 Rd6+ 126. Ke8 Rd7 127. Nc8 Rh7 128. Kd8 Rg7 129. Nb6 Rb7 130. Nc8 Rd7+ 131. Ke8 1/2-1/2

[Event "*** Titled Tuesday Blitz"]
[Site "Chess.com"]
[Date "2019.05.07"]
[Round "2"]
[White "DrBergerBerger"]
[Black "Haykos"]
[Result "1-0"]
[WhiteElo "2413"]
[BlackElo "2567"]
[TimeControl "180+2"]
[EndTime "13:16:50 PDT"]
[Termination "DrBergerBerger won by checkmate"]

1. e4 c5 2. Nc3 Nc6 3. Bb5 Nd4 4.
Nf3 Nxb5 5. Nxb5 a6 6. Nc3 b5 7. d4 cxd4 8. Qxd4 Bb7 9. Bg5 Rc8 10. O-O-O Qa5 11. Qxd7# 1-0

[Event "*** Titled Tuesday Blitz"]
[Site "Chess.com"]
[Date "2019.05.07"]
[Round "2"]
[White "Jenia84"]
[Black "Hikaru"]
[Result "0-1"]
[WhiteElo "2242"]
[BlackElo "3205"]
[TimeControl "180+2"]
[EndTime "13:16:56 PDT"]
[Termination "Hikaru won by resignation"]

1. e4 c6 2. d4 d5 3. e5 c5 4. dxc5 Nc6 5. Nf3 Bg4 6. Bf4 e6 7. Be2 Bxc5 8. Nbd2 Nge7 9. Bg3 Nf5 10. O-O h5 11. Nh4 Nxh4 12. Bxg4 hxg4 13. Qxg4 Nf5 0-1

[Event "*** Titled Tuesday Blitz"]
[Site "Chess.com"]
[Date "2019.05.07"]
[Round "2"]
[White "Yaacovn"]
[Black "santosalberto1987"]
[Result "1-0"]
[WhiteElo "2798"]
[BlackElo "2352"]
[TimeControl "180+2"]
[EndTime "13:18:12 PDT"]
[Termination "Yaacovn won by resignation"]

1. d4 d5 2. Nf3 c6 3. c4 Nf6 4. cxd5 cxd5 5. Nc3 Nc6 6. Bf4 a6 7. Ne5 Qb6 8. Nxc6 Qxc6 9. Qd2 Bf5 10. e3 e6 11. Rc1 Qb6 12. Be2 Be7 13. O-O O-O 14. Na4 Qd8 15. Bc7 Qe8 16. Nb6 Ne4 17. Qa5 Rd8 18. Bxd8 Qxd8 19. Rc8 Qd6 20. Rxf8+ Bxf8 21.
Rc1 Nxf2 22. Kxf2 Qxh2 23. Bf3 g5 24. Nd7 g4 25. Qd8 Qh4+ 26. Qxh4 1-0

[Event "*** Titled Tuesday Blitz"]
[Site "Chess.com"]
[Date "2019.05.07"]
[Round "2"]
[White "Saitama_Hero"]
[Black "saraswathii"]
[Result "0-1"]
[WhiteElo "2208"]
[BlackElo "2256"]
[TimeControl "180+2"]
[EndTime "13:19:01 PDT"]
[Termination "saraswathii won by resignation"]

1. d4 Nf6 2. Bg5 g6 3. Bxf6 exf6 4. e3 Bg7 5. Bc4 O-O 6. Ne2 d5 7. Bb3 f5 8. c4 dxc4 9. Bxc4 c5 10. O-O Nc6 11.
Nbc3 cxd4 12. Nb5 dxe3 13. Qb3 exf2+ 14. Kh1 a6 15. Rad1 Qb6 16. Nd6 Qxb3 17. Bxb3 Bxb2 18.
Rxf2 Be5 19. Nxc8 Raxc8 20. Rd7 Rc7 21. Rxc7 Bxc7 0-1

[Event "*** Titled Tuesday Blitz"]
[Site "Chess.com"]
[Date "2019.05.07"]
[Round "2"]
[White "korason34"]
[Black "KRASAVCHIK2002"]
[Result "1-0"]
[WhiteElo "2587"]
[BlackElo "2330"]
[TimeControl "180+2"]
[EndTime "13:19:10 PDT"]
[Termination "korason34 won by resignation"]

1. e4 d5 2. exd5 Qxd5 3. d4 c6 4. Nf3 Qa5+ 5. Bd2 Qc7 6. Bd3 Nf6 7. h3 Nbd7 8. O-O e6 9. c4 b6 10. Nc3 Bd6 11. Re1 O-O 12. Qc2 Bb7 13. Rad1 Rad8 14.
Ng5 h6 15. Nge4 Nxe4 16. Nxe4 Nf6 17. Nxf6+ gxf6 18. Bxh6 Bf4 19. Bxf8 1-0

[Event "*** Titled Tuesday Blitz"]
[Site "Chess.com"]
[Date "2019.05.07"]
[Round "2"]
[White "dsanchez1973"]
[Black "picturesquecheck"]
[Result "1-0"]
[WhiteElo "2052"]
[BlackElo "2067"]
[TimeControl "180+2"]
[EndTime "13:19:12 PDT"]
[Termination "dsanchez1973 won by resignation"]

1. e4 c5 2. Nf3 e6 3. d4 cxd4 4. Nxd4 Nf6 5. Nc3 d6 6. g4 h6 7. Rg1 Nc6 8. Be3 Be7 9. Qe2 d5 10.
Nxc6 bxc6 11. O-O-O Qa5 12. e5 Nd7 13. Kb1 Bb4 14. Bd2 Rb8 15. Qe3 Bc5 16. Qg3 Qb6 17.
Na4 Bxf2 18. Nxb6 Bxg3 19. Nxd7 Bxd7 20. Rxg3 1-0

[Event "*** Titled Tuesday Blitz"]
[Site "Chess.com"]
[Date "2019.05.07"]
[Round "2"]
[White "WeAintSurePal"]
[Black "MathiasWomacka"]
[Result "0-1"]
[WhiteElo "2212"]
[BlackElo "2233"]
[TimeControl "180+2"]
[EndTime "13:19:14 PDT"]
[Termination "MathiasWomacka won by resignation"]

1. d4 Nf6 2. Nf3 e6 3. Bg5 c5 4. c3 cxd4 5. cxd4 Qb6 6. Nbd2 Qxb2 7. e3 d5 8. Rb1 Qxa2 9. Rc1 Nc6 10. Bb5 Bd7 11. O-O Be7 12. Nb3 Qa3 13. Nc5 Bxc5 14.
Rxc5 Ne4 15. Rc1 Nxg5 16. Nxg5 h6 17. Nf3 O-O 18. Re1 Rac8 19. e4 dxe4 20. Rxe4 Nxd4 0-1

[Event "*** Titled Tuesday Blitz"]
[Site "Chess.com"]
[Date "2019.05.07"]
[Round "2"]
[White "pedromartinez91"]
[Black "maxip32"]
[Result "1-0"]
[WhiteElo "2504"]
[BlackElo "2409"]
[TimeControl "180+2"]
[EndTime "13:19:15 PDT"]
[Termination "pedromartinez91 won by resignation"]

1. e4 c5 2. Nf3 d6 3. Bb5+ Nd7 4. d4 cxd4 5. Qxd4 a6 6. Bxd7+ Bxd7 7. c4 Nf6 8. Nc3 g6 9. O-O Bg7 10. h3 O-O 11.
Qd3 Rc8 12. Bg5 Qc7 13. Nd2 Be6 14. Rac1 Rfe8 15. b3 Nd7 16. Nf3 Nc5 17. Qe2 Qa5 18. Nd5 Bxd5 19. exd5 Qxa2 20. Qxa2 1-0

[Event "*** Titled Tuesday Blitz"]
[Site "Chess.com"]
[Date "2019.05.07"]
[Round "2"]
[White "Warre"]
[Black "NateSolon"]
[Result "0-1"]
[WhiteElo "2403"]
[BlackElo "2531"]
[TimeControl "180+2"]
[EndTime "13:19:30 PDT"]
[Termination "NateSolon won by resignation"]

1. d4 d5 2. c4 dxc4 3. Nf3 a6 4. e3 Bg4 5. h3 Bh5 6. Bxc4 e6 7. g4 Bg6 8. Ne5 Nd7 9. Nxg6 hxg6 10. Qf3 c6 11. Nc3 Ngf6 12. Kf1 Bd6 13. Kg2 Qe7 14. Bd2 e5 15. a3 e4 16. Qe2 g5 17. f3 O-O 18. fxe4 Nxe4 19. Nxe4 Qxe4+ 20. Qf3 Qc2 21. Qf2 Qxc4 22. h4 Qd5+ 0-1

[Event "*** Titled Tuesday Blitz"]
[Site "Chess.com"]
[Date "2019.05.07"]
[Round "2"]
[White "kintoho"]
[Black "champ2005"]
[Result "0-1"]
[WhiteElo "2572"]
[BlackElo "2888"]
[TimeControl "180+2"]
[EndTime "13:19:41 PDT"]
[Termination "champ2005 won by resignation"]

1. e4 c5 2. Nf3 d6 3. Bc4 Nc6 4. d3 Nf6 5. O-O Bg4 6. h3 Bxf3 7. Qxf3 e6 8. c3 Be7 9. Bb3 O-O 10. Re1 Qc7 11. Nd2 Rad8 12. Nf1 d5 13.
Bc2 d4 14. Bf4 Qb6 15. Rab1 Nd7 16. Ng3 Nde5 17. Qe2 c4 18. Bxe5 Nxe5 19. cxd4 Rxd4 20. dxc4 Nxc4 21. Bd3 Ne5 22. Bc2 Rfd8 23. Bb3 Rd2 24.
Qe3 Bc5 25. Qg5 Bxf2+ 26. Kh1 Bxe1 27. Rxe1 Qf2 28. Rg1 Nf3 29. Ne2 0-1

[Event "*** Titled Tuesday Blitz"]
[Site "Chess.com"]
[Date "2019.05.07"]
[Round "2"]
[White "krzyzan94"]
[Black "kleinebeer98"]
[Result "1-0"]
[WhiteElo "2659"]
[BlackElo "2705"]
[TimeControl "180+2"]
[EndTime "13:19:51 PDT"]
[Termination "krzyzan94 won by resignation"]

1. d4 d5 2. Bf4 c5 3. e3 cxd4 4. exd4 Nc6 5. Nf3 Bg4 6. Nc3 a6 7. Be2 e6 8. h3 Bh5 9. Ne5 Bxe2 10. Nxe2 Rc8 11. c3 Nf6 12. O-O Bd6 13. Qd2 O-O 14. Ng3 b5 15. Rae1 b4 16. Bg5 bxc3 17. bxc3 Be7 18.
h4 h6 19. Bxh6 gxh6 20. Qxh6 Nh7 21. Nh5 Bf6 22. Re3 Kh8 23. Rg3 Nxe5 24. dxe5 Bxe5 25. Rg7 1-0

[Event "*** Titled Tuesday Blitz"]
[Site "Chess.com"]
[Date "2019.05.07"]
[Round "2"]
[White "SantoBlue"]
[Black "Ali_rastbod"]
[Result "1-0"]
[WhiteElo "2793"]
[BlackElo "2617"]
[TimeControl "180+2"]
[EndTime "13:20:07 PDT"]
[Termination "SantoBlue won by resignation"]

1. e4 e6 2. d4 d5 3. Nd2 Be7 4. Ngf3 Nf6 5. e5 Nfd7 6. Bd3 c5 7. c3 Nc6 8. O-O O-O 9. Re1 f6 10. exf6 Nxf6 11. Nf1 cxd4 12. cxd4 Qb6 13. Ng3 Bd6 14. a3 Ng4 15. Bxh7+ Kxh7 16. Ng5+ Kg8 17. Qxg4 Qxd4 18. Qe2 e5 19. Be3 Qh4 20. Nf3 Qf6 21. Rad1 Be6 22.
Ng5 e4 23. Qh5 1-0

[Event "*** Titled Tuesday Blitz"]
[Site "Chess.com"]
[Date "2019.05.07"]
[Round "2"]
[White "MFBerna"]
[Black "jmduque"]
[Result "0-1"]
[WhiteElo "2236"]
[BlackElo "2144"]
[TimeControl "180+2"]
[EndTime "13:20:07 PDT"]
[Termination "jmduque won on time"]

1. e4 e5 2. Nf3 Nc6 3. Bb5 a6 4. Ba4 Nf6 5. O-O Be7 6. Re1 b5 7. Bb3 d6 8. h3 O-O 9. c3 Nb8 10. d4 Nbd7 11. Nbd2 Bb7 12. Bc2 Re8 13. Nf1 Bf8 14. Ng3 g6 15. a4 c5 16. d5 c4 17.
Bg5 Nc5 18. Qd2 Be7 19. Ra3 Nfd7 20. Be3 Nb6 0-1

[Event "*** Titled Tuesday Blitz"]
[Site "Chess.com"]
[Date "2019.05.07"]
[Round "2"]
[White "DamianoLew95"]
[Black "kikoveiga"]
[Result "1-0"]
[WhiteElo "2458"]
[BlackElo "2275"]
[TimeControl "180+2"]
[EndTime "13:20:23 PDT"]
[Termination "DamianoLew95 won by checkmate"]

1. d4 Nf6 2. Bf4 e6 3. e3 d5 4. Nd2 c5 5. c3 Nc6 6. Ngf3 Bd6 7.
Bg3 b6 8. Bd3 Qc7 9. Qe2 O-O 10.
e4 Bxg3 11. hxg3 cxd4 12. e5 dxc3 13. exf6 cxd2+ 14. Qxd2 h5 15. Bh7+ Kxh7 16. Rxh5+ Kg8 17. Qg5 g6 18. Rh8+ Kxh8 19. Qh6+ Kg8 20. Qg7# 1-0

[Event "*** Titled Tuesday Blitz"]
[Site "Chess.com"]
[Date "2019.05.07"]
[Round "2"]
[White "filali-marouan"]
[Black "RegZryt"]
[Result "0-1"]
[WhiteElo "2375"]
[BlackElo "2516"]
[TimeControl "180+2"]
[EndTime "13:20:29 PDT"]
[Termination "RegZryt won on time"]

1. e4 c5 2. Nf3 e6 3. d4 cxd4 4. Nxd4 Nf6 5. Nc3 Nc6 6. Be2 Bb4 7. Nxc6 bxc6 8. f3 d5 9. exd5 cxd5 10. O-O O-O 11.
Kh1 Qc7 12. Nb5 Qb6 13. c3 Bc5 14. Bf4 Bd7 15. Bc7 Qb7 16. Bd6 Bxd6 17. Nxd6 Qb6 18. Nxf7 Rxf7 0-1

[Event "*** Titled Tuesday Blitz"]
[Site "Chess.com"]
[Date "2019.05.07"]
[Round "2"]
[White "JozefKneht"]
[Black "Rodalquilar"]
[Result "0-1"]
[WhiteElo "2309"]
[BlackElo "2529"]
[TimeControl "180+2"]
[EndTime "13:20:37 PDT"]
[Termination "Rodalquilar won by resignation"]

1. d4 d5 2. Bf4 Nf6 3. e3 c5 4.
c3 Nc6 5. Nd2 Bf5 6. Ngf3 e6 7.
Bb5 Qb6 8. a4 Be7 9. O-O O-O 10.
Qc1 h6 11. h3 Nd7 12. Re1 a6 13. Bxc6 Qxc6 14. Ne5 Nxe5 15. Bxe5 b5 16. axb5 axb5 17.
dxc5 Bxc5 18. Bd4 Bd6 19. Nb3 e5 20. Ba7 Qc7 21. g4 Bg6 22. Ra6 Rxa7 0-1

[Event "*** Titled Tuesday Blitz"]
[Site "Chess.com"]
[Date "2019.05.07"]
[Round "2"]
[White "Blitzstream"]
[Black "Indianlad"]
[Result "0-1"]
[WhiteElo "2597"]
[BlackElo "2894"]
[TimeControl "180+2"]
[EndTime "13:20:39 PDT"]
[Termination "Indianlad won by resignation"]

1. d4 Nf6 2. Bg5 Ne4 3. Bh4 c5 4. f3 Nd6 5. dxc5 Qa5+ 6. Nc3 Nb5 7. Qd2 Nxc3 8. bxc3 Qxc5 9. e4 d6 10. Rb1 Qc7 11.
Ne2 Nc6 12. Nd4 a6 13. Bc4 Nxd4 14. Qxd4 e5 15. Qd3 Be7 16. Bf2 b5 17. Qd5 Qxc4 18.
Qxa8 Qxc3+ 19. Kf1 Qxc2 20. Re1 O-O 21. Qa7 Bg5 22. h4 Bd2 23. Re2 Be6 24. Kg1 Qd1+ 0-1

[Event "*** Titled Tuesday Blitz"]
[Site "Chess.com"]
[Date "2019.05.07"]
[Round "2"]
[White "TheGandhiOfChess"]
[Black "oskariot"]
[Result "0-1"]
[WhiteElo "2279"]
[BlackElo "2560"]
[TimeControl "180+2"]
[EndTime "13:20:39 PDT"]
[Termination "oskariot won by resignation"]

1. e4 g6 2. Nf3 Bg7 3. d4 d6 4.
Bc4 e6 5. Bb3 Ne7 6. Qe2 b6 7.
Nbd2 Bb7 8. Nf1 Nd7 9. Ng3 Nf6 10. c3 a5 11. Ba4+ c6 12. h4 b5 13. Bc2 a4 14.
h5 Rg8 15. hxg6 hxg6 16. Bg5 Qc7 17. a3 e5 18. O-O-O O-O-O 19. c4 Ba6 20. c5 dxc5 21.
dxe5 Ng4 22. Rxd8+ Rxd8 23. Rh7 Rg8 24. Qd2 Nxe5 25. Nxe5 Qxe5 26. f4 Qxb2+ 27. Kd1 Bc3 28. Qe2 Rd8+ 0-1

[Event "*** Titled Tuesday Blitz"]
[Site "Chess.com"]
[Date "2019.05.07"]
[Round "2"]
[White "Slovak_fighter2000"]
[Black "riconaipe"]
[Result "0-1"]
[WhiteElo "2450"]
[BlackElo "2447"]
[TimeControl "180+2"]
[EndTime "13:20:44 PDT"]
[Termination "riconaipe won by checkmate"]

1. d4 d5 2. Nf3 e6 3. Bf4 Bd6 4. e3 Ne7 5. Bd3 Bxf4 6. exf4 c5 7. c3 cxd4 8. Nxd4 Nbc6 9. Nf3 Ng6 10. g3 O-O 11. h4 e5 12. h5 e4 13. hxg6 hxg6 14. Ng5 exd3 15. Qf3 Re8+ 16. Kd1 Bf5 17. Qg2 f6 18.
Rh8+ Kxh8 19. Qh2+ Kg8 20. Qh7+ Kf8 21. Qh8+ Ke7 22.
Qxg7+ Kd6 23. Nf7+ Kc5 24. Nxd8 Raxd8 25. Nd2 Kb6 26.
a4 a5 27. b4 Re7 28. Qxf6 Rde8 29. Qd6 Re1# 0-1

[Event "*** Titled Tuesday Blitz"]
[Site "Chess.com"]
[Date "2019.05.07"]
[Round "2"]
[White "bluejay1897"]
[Black "pedroholly22"]
[Result "1/2-1/2"]
[WhiteElo "2290"]
[BlackElo "2275"]
[TimeControl "180+2"]
[EndTime "13:20:48 PDT"]
[Termination "Game drawn by repetition"]

1. Nf3 Nf6 2. g3 g6 3. b3 Bg7 4. Bb2 O-O 5. Bg2 d6 6. d4 Nc6 7.
O-O e5 8. dxe5 Ng4 9. c4 Ngxe5 10. Nxe5 Nxe5 11. Nc3 Rb8 12. Qc2 a6 13. Rad1 Qe8 14. Nd5 Qd8 15. f4 Nd7 16. Bxg7 Kxg7 17. Qc3+ f6 18.
e4 c6 19. Ne3 Qe7 20. Qd4 Re8 21. Qxd6 Qxd6 22. Rxd6 Nc5 23. Rd4 Ne6 24. Rd2 Nc5 25. Rd4 Ne6 26. Rd2 Nc5 27. Rd4 Ne6 28. Rd2 1/2-1/2

[Event "*** Titled Tuesday Blitz"]
[Site "Chess.com"]
[Date "2019.05.07"]
[Round "2"]
[White "Arystanner"]
[Black "x-6099009240"]
[Result "1-0"]
[WhiteElo "2748"]
[BlackElo "2363"]
[TimeControl "180+2"]
[EndTime "13:21:02 PDT"]
[Termination "Arystanner won by checkmate"]

1. e4 c5 2. Nf3 d6 3. d4 cxd4 4.
Qxd4 Nc6 5. Bb5 Bd7 6. Qd3 g6 7. c4 Bg7 8. Nc3 Nf6 9. h3 O-O 10.
Be3 a6 11. Bxc6 Bxc6 12. Nd4 e6 13. O-O Qe7 14. Rac1 Rfd8 15. Rfd1 Rd7 16. Nxc6 bxc6 17. c5 dxc5 18. Qc4 Bf8 19. Na4 Rxd1+ 20. Rxd1 Nd7 21. b3 a5 22. g3 Rb8 23. Kg2 Rb4 24.
Qc2 c4 25. bxc4 Qe8 26. Nb2 Bg7 27. Nd3 Rb7 28. Bd2 Qa8 29. Bc3 Bxc3 30. Qxc3 Qa6 31. Ne5 Nf8 32. Ng4 f5 33. Nh6# 1-0